 Dungeon Crawl Stone Soup version 0.16-a0-3641-g71d4c1b (webtiles) character file.

1213 SomeoneAwful the Vexing (level 8, 33/36 HPs)
             Began as a Spriggan Enchanter on Feb 14, 2015.
             Quit the game on level 6 of the Dungeon.
             The game lasted 00:19:30 (6044 turns).

SomeoneAwful the Vexing (Spriggan Enchanter)        Turns: 6044, Time: 00:19:30

Health: 33/36      AC:  4    Str:  9    XL:     8   Next: 22%
Magic:  18/25      EV: 20    Int: 18    God:
Gold:   383        SH:  0    Dex: 17    Spells: 5 memorised, 6 levels left

rFire  + . .     SeeInvis +     b - +2 short sword (venom)
rCold  . . .     Clarity  .     l - +1 robe
rNeg   . . .     SustAb   .     (shield restricted)
rPois  .         Gourm    .     (helmet restricted)
rElec  .         Spirit   .     j - +0 cloak
rCorr  .         Warding  .     (gloves unavailable)
rMut   .         Stasis   .     (boots unavailable)
MR     +....                    (no amulet)
Stlth  ++++......               k - +5 ring of strength
                                z - ring of protection from fire

@: very quick, somewhat resistant to hostile enchantments, stealthy
A: unfitting armour, see invisible, herbivore 3, speed 3, slow metabolism 2
a: no special abilities


You were on level 6 of the Dungeon.
You were full.

You visited 2 branches of the dungeon, and saw 7 of its levels.

You collected 383 gold pieces.

Inventory:

Hand weapons
 a - a +0 blowgun {!a}
 b - a +2 short sword of venom (weapon)
Missiles
 v - 3 poisoned needles
Armour
 j - a +0 cloak (worn)
 l - a +1 robe (worn)
Jewellery
 e - an uncursed ring of ice
 k - a +5 ring of strength (right hand)
 z - a ring of protection from fire (left hand)
Magical devices
 h - a wand of fireball (3)
 n - a wand of teleportation (2)
 u - a wand of cold (9)
Scrolls
 f - a scroll of enchant weapon {unknown}
 g - a scroll of blinking
 m - 3 scrolls of magic mapping
 o - a scroll of fog {unknown}
 q - a scroll of enchant armour {unknown}
 t - 2 scrolls of teleportation {unknown}
 x - 2 scrolls of remove curse {unknown}
 y - a scroll of amnesia {unknown}
 A - a scroll of brand weapon {unknown}
Potions
 i - a potion of resistance
 p - a potion of poison {unknown}
 r - a potion of flight {unknown}
 s - a potion of restore abilities {unknown}
 w - a potion of haste {unknown}
Books
 c - a book of Maledictions

   Spells                             Type                      Level
   a - Corona                         Hexes                        1
   b - Sure Blade                     Hexes/Charms                 2
   c - Ensorcelled Hibernation        Hexes/Ice                    2
   d - Confuse                        Hexes                        3
   e - Dazzling Spray                 Conjuration/Hexes            3
   f - Enslavement                    Hexes                        4
Comestibles
 d - 2 bread rations


   Skills:
 + Level 5.8 Short Blades
 + Level 4.6 Dodging
 + Level 6.3 Stealth
 - Level 6.1 Spellcasting
 + Level 7.6 Hexes


You had 6 spell levels left.
You knew the following spells:

 Your Spells              Type           Power        Failure   Level  Hunger
a - Corona                Hex            ####...      1%          1    None
b - Ensorcelled Hibernat  Hex/Ice        ###...       4%          2    None
c - Dazzling Spray        Conj/Hex       ###.....     10%         3    ##.....
d - Confuse               Hex            ####....     1%          3    ##.....
e - Enslavement           Hex            ####....     6%          4    ####...


Dungeon Overview and Level Annotations

Branches:
Dungeon (6/15)             Temple (1/1) D:4

Altars:
Ashenzari
Cheibriados
Dithmenos
Elyvilon
Fedhas
Gozag
Kikubaaqudgha
Makhleb
Nemelex Xobeh
Okawaru
Pakellas
Qazlal
Ru
Sif Muna
Trog
Vehumet
Xom
Yredelemnul
Zin
The Shining One

Annotations:
D:4 exclusion: Dowan


Innate Abilities, Weirdness & Mutations

You are tiny and cannot use many weapons and most armour.
You have supernaturally acute eyesight.
You are a herbivore.
You cover ground extremely quickly.
You need consume almost no food.


Message History

Natasha screams in fury as she dies!!!
You see here the felid corpse of Natasha!
Found an oddly glowing altar of Pakellas!
An adder comes into view!
Casting: Ensorcelled Hibernation
Confirm with ! or Enter, or press ? or * to list all spells!
Aiming: Dazzling Spray
Press: ? - help, Shift-Dir - straight line, f - adder
Aim: an adder The spray of energy hits the adder!
The adder is severely wounded!
The adder is dazzled!
The adder misses you!
You catch the helpless adder completely off-guard!!!
You skewer the adder like a kebab!!!
You annihilate the adder!!!
There is an oddly glowing altar of Pakellas here!
You kneel at the altar of Pakellas!
You kneel at the altar of Pakellas!
Are you sure you want to abandon this character and quit the game? (Confirm with "yes"!)

*,* *,,****,******#.# ###
*,* *,,,,,,,,,*####.# #..
*,****,,,,,,,,,*#....# #.#
*,**,,,,,,,*,,,*#.##.# #.#
*,**,****#####,*#.##.# #>#
*,**,* ##...####.##.#####.#
*,**,* ##.....##......)....#
*,,,,* #.......#............
**,,,**#...@...##.########.#
*<,,,,#.......##.# #.#
*,,,**##.....###.### #.#
**,***,##...## #...# #>#
*,,,,,*##.## ###.# #.#
***,**#.##..#######.# #.#
*,,,* #........†....# *.*
*,*,**#.##########).# *,*
*,*,,..,* #.(# *,,


There were no monsters in sight!

Vanquished Creatures
  Edmund (D:5)
  2 phantoms
  A centaur (D:5)
  2 ogres (D:6)
  Duvessa (D:4)
  2 giant frogs
  A scorpion (D:4)
  A crimson imp (D:3)
  Dowan (D:4)
  Crazy Yiuf (D:4)
  An orc priest (D:3)
  A centaur skeleton (D:5)
  An orc wizard (D:3)
  Natasha (D:6)
  Ijyb (D:2)
  4 gnolls (D:3)
  7 adders
  A shadow imp (D:5)
  A worm (D:2)
  2 giant geckos
  3 oozes
  8 orcs
  3 ball pythons
  6 giant cockroaches
  9 hobgoblins
  A quokka (D:3)
  A ball python skeleton (D:4)
  13 bats
  6 giant newts
  8 goblins
  A jackal skeleton (D:5)
  7 kobolds
  9 rats
  A fungus (D:5)
109 creatures vanquished.

Vanquished Creatures (others)
  A fungus (D:5)
1 creature vanquished.

Grand Total: 110 creatures vanquished

Notes
Turn   | Place    | Note
--------------------------------------------------------------
     0 | D:1      | SomeoneAwful, the Spriggan Enchanter, began the quest for the Orb.
     0 | D:1      | Reached XP level 1. HP: 9/9 MP: 4/4
   166 | D:1      | Reached XP level 2. HP: 11/13 MP: 7/7
   219 | D:1      | Learned a level 2 spell: Ensorcelled Hibernation
   254 | D:1      | Huge Dmg: 3 dmg
   646 | D:2      | Noticed Ijyb
   659 | D:2      | Huge Dmg: 3 dmg
   916 | D:2      | Reached XP level 3. HP: 16/16 MP: 8/11
   940 | D:2      | Killed Ijyb
   958 | D:2      | Found a sparkling altar of Nemelex Xobeh.
  1444 | D:3      | Huge Dmg: 5 dmg
  1446 | D:3      | Huge Dmg: 4 dmg
  1702 | D:3      | Huge Dmg: 7 dmg
  1705 | D:3      | Reached XP level 4. HP: 11/21 MP: 6/14
  1804 | D:3      | Huge Dmg: 11 dmg
  2056 | D:3      | Reached skill level 5 in Hexes
  2477 | D:3      | Found a blossoming altar of Fedhas.
  2478 | D:3      | Found a bloodstained altar of Trog.
  2548 | D:3      | Reached XP level 5. HP: 24/24 MP: 14/18
  2554 | D:3      | Learned a level 3 spell: Dazzling Spray
  2558 | D:3      | Learned a level 3 spell: Confuse
  2559 | D:3      | Found a glowing golden altar of the Shining One.
  2559 | D:3      | Found a white marble altar of Elyvilon.
  2560 | D:3      | Found a glowing silver altar of Zin.
  2595 | D:3      | Huge Dmg: 9 dmg
  2597 | D:3      | Huge Dmg: 9 dmg
  3320 | D:3      | Huge Dmg: 4 dmg
  3522 | D:4      | Learned a level 4 spell: Enslavement
  3554 | D:4      | Found a staircase to the Ecumenical Temple.
  3567 | Temple   | Entered the Ecumenical Temple
  3847 | D:4      | Noticed Dowan
  3866 | D:4      | Noticed a phantom
  3878 | D:4      | Killed a phantom
  3878 | D:4      | Reached XP level 6. HP: 28/28 MP: 10/20
  4101 | D:4      | Reached skill level 5 in Spellcasting
  4101 | D:4      | Reached skill level 6 in Hexes
  4432 | D:4      | Noticed Duvessa
  4451 | D:4      | Killed Dowan
  4461 | D:4      | Huge Dmg: 8 dmg
  4507 | Temple   | Huge Dmg: 2 dmg
  4786 | D:4      | Huge Dmg: 11 dmg
  4805 | D:4      | Killed Duvessa
  4805 | D:4      | Reached XP level 7. HP: 8/32 MP: 9/23
  4990 | D:4      | Noticed Crazy Yiuf
  5000 | D:4      | Killed Crazy Yiuf
  5050 | D:5      | Entered Level 5 of the Dungeon
  5105 | D:5      | Noticed Edmund
  5121 | D:5      | Killed Edmund
  5121 | D:5      | Reached skill level 5 in Short Blades
  5340 | D:5      | Reached skill level 5 in Stealth
  5340 | D:5      | Reached skill level 7 in Hexes
  5952 | D:6      | Reached XP level 8. HP: 36/36 MP: 22/25
  6010 | D:6      | Noticed Natasha
  6029 | D:6      | Killed Natasha
  6033 | D:6      | Found an oddly glowing altar of Pakellas.
  6044 | D:6      | Quit the game

Action                   |  1- 3 |  4- 6 |  7- 9 || total
-------------------------+-------+-------+-------++-------
Melee: Dagger            |    42 |       |       ||    42
       Short sword       |    43 |    89 |    56 ||   188
 Fire: Blowgun           |       |     4 |     3 ||     7
 Cast: Corona            |     5 |     1 |       ||     6
       Ensorcelled Hiber |    17 |    23 |     9 ||    49
       Dazzling Spray    |       |    15 |     6 ||    21
       Confuse           |       |     1 |     1 ||     2
  Use: Scroll            |     2 |     2 |     2 ||     6
       Potion            |       |       |     1 ||     1
 Stab: Sleeping          |    19 |    21 |    12 ||    52
       Distracted        |       |     1 |       ||     1
       Invisible         |       |     1 |     2 ||     3
       Confused          |       |     1 |     1 ||     2
  Eat: Fruit             |       |     4 |       ||     4
       Bread ration      |       |       |     1 ||     1
